TOP OF THE 1ST |
Tri-City ValleyCats batting - Pitching for Minnesota (NYP) Twins : LHP Josh Armstrong
|
Pitching: LHP Josh Armstrong
|
|
Batting: RHB Gavin Jones
|
0-0: Ground out 6-3 (Groundball, 6, EV 90.0 MPH)
|
Batting: RHB Chris McGrath
|
0-0: Ball 1-0: Fly out, F8 (Flyball, 89XD, EV 106.2 MPH)
|
Batting: RHB Sam Spohn
|
0-0: Ball 1-0: Foul Ball, location: 2F 1-1: Ball 2-1: Foul Ball, location: 2F 2-2: SINGLE (Flyball, 78S, EV 91.9 MPH)
|
Batting: RHB Jordan Williams
|
0-0: Swinging Strike 0-1: Ball 1-1: Called Strike 1-2: Ball 2-2: Ground out 1-3 (Groundball, 13, EV 66.9 MPH)
|
Top of the 1st over - 0 runs, 1 hit, 0 errors, 1 left on base; Tri-City 0 - Minnesota (NYP) 0 |
BOTTOM OF THE 1ST |
Minnesota (NYP) Twins batting - Pitching for Tri-City ValleyCats : RHP Nick Schweer
|
Pitching: RHP Nick Schweer
|
|
Batting: LHB Seung-jun Chang
|
0-0: Ball 1-0: Called Strike 1-1: Foul Ball, location: 2F 1-2: Ground out 1-3 (Groundball, 13, EV 63.8 MPH)
|
Batting: RHB Sean Gould
|
0-0: Called Strike 0-1: Ball 1-1: Ground out U3 (Groundball, 3, EV 96.9 MPH)
|
Batting: SHB Ian Thompson
|
0-0: Ball 1-0: Foul Ball, location: 2F 1-1: Called Strike 1-2: Ball 2-2: Ball 3-2: SINGLE (Groundball, 34D, EV 90.6 MPH) (infield hit)
|
Batting: RHB Graham Calvert
|
0-0: Ball 1-0: Fielders Choice at 2nd, 6-4 (Groundball, 6, EV 83.8 MPH)
|
Bottom of the 1st over - 0 runs, 1 hit, 0 errors, 1 left on base; Tri-City 0 - Minnesota (NYP) 0 |
TOP OF THE 2ND |
Tri-City ValleyCats batting - Pitching for Minnesota (NYP) Twins : LHP Josh Armstrong
|
Batting: RHB Ryan Salas
|
0-0: Ball 1-0: Ball 2-0: Called Strike 2-1: Ball 3-1: Called Strike 3-2: Foul Ball, location: 2F 3-2: Strikes out swinging
|
Batting: RHB Masaru Konno
|
0-0: Called Strike 0-1: Called Strike 0-2: Ball 1-2: Ground out 6-3 (Groundball, 6, EV 106.9 MPH)
|
Batting: LHB Josh Birkner
|
0-0: Ball 1-0: Foul Ball, location: 2F 1-1: Foul Ball, location: 2F 1-2: Strikes out swinging
|
Top of the 2nd over - 0 runs, 0 hits, 0 errors, 0 left on base; Tri-City 0 - Minnesota (NYP) 0 |
BOTTOM OF THE 2ND |
Minnesota (NYP) Twins batting - Pitching for Tri-City ValleyCats : RHP Nick Schweer
|
Batting: RHB Michael McDonald
|
0-0: Ball 1-0: Ball 2-0: Foul Ball, location: 2F 2-1: Foul Ball, location: 2F 2-2: Ball 3-2: Foul Ball, location: 2F 3-2: Ground out 4-3 (Groundball, 4S, EV 77.5 MPH)
|
Batting: RHB David Nardone
|
0-0: Ball 1-0: Ball 2-0: Called Strike 2-1: Fly out, F8 (Flyball, 78M, EV 91.9 MPH)
|
Batting: RHB Tony Crespo
|
0-0: Ball 1-0: Ground out 6-3 (Groundball, 6M, EV 88.8 MPH)
|
Bottom of the 2nd over - 0 runs, 0 hits, 0 errors, 0 left on base; Tri-City 0 - Minnesota (NYP) 0 |
TOP OF THE 3RD |
Tri-City ValleyCats batting - Pitching for Minnesota (NYP) Twins : LHP Josh Armstrong
|
Batting: RHB To-wai Chen
|
0-0: Ball 1-0: Called Strike 1-1: Swinging Strike 1-2: Foul Ball, location: 2F 1-2: Strikes out swinging
|
Batting: LHB Josiah Leath
|
0-0: Foul Ball, location: 2F 0-1: Called Strike 0-2: Ground out U3 (Groundball, 34, EV 95.0 MPH)
|
Batting: RHB Gavin Jones
|
0-0: Swinging Strike 0-1: Foul Ball, location: 2F 0-2: SOLO HOME RUN (Flyball, 9D, EV 100.6 MPH), Distance : 399 ft
|
Batting: RHB Chris McGrath
|
0-0: Ball 1-0: Called Strike 1-1: Ball 2-1: Called Strike 2-2: Ball 3-2: Ground out 6-3 (Groundball, 6, EV 101.9 MPH)
|
Top of the 3rd over - 1 run, 1 hit, 0 errors, 0 left on base; Tri-City 1 - Minnesota (NYP) 0 |
BOTTOM OF THE 3RD |
Minnesota (NYP) Twins batting - Pitching for Tri-City ValleyCats : RHP Nick Schweer
|
Batting: RHB Willie Jimenez
|
0-0: Ball 1-0: Called Strike 1-1: Ball 2-1: Called Strike 2-2: Foul Ball, location: 2F 2-2: Ball 3-2: SINGLE (Groundball, 56S, EV 61.9 MPH) (infield hit)
|
Batting: SHB Donell Burney
|
0-0: Ball 1-0: 2-RUN HOME RUN (Flyball, 9LD, EV 91.2 MPH), Distance : 335 ft
|
Batting: LHB Seung-jun Chang
|
0-0: Called Strike 0-1: Swinging Strike 0-2: Strikes out looking
|
Batting: RHB Sean Gould
|
0-0: Called Strike 0-1: Swinging Strike 0-2: Ground out 6-3 (Groundball, 6, EV 90.0 MPH)
|
Batting: SHB Ian Thompson
|
0-0: Ball 1-0: Called Strike 1-1: Ball 2-1: Ball 3-1: Swinging Strike 3-2: Base on Balls
|
Batting: RHB Graham Calvert
|
0-0: Ball 1-0: 2-RUN HOME RUN (Flyball, 7D, EV 98.8 MPH), Distance : 388 ft
|
Batting: RHB Michael McDonald
|
0-0: Called Strike 0-1: Ball 1-1: Ball 2-1: Ball 3-1: Base on Balls
|
Batting: RHB David Nardone
|
0-0: Foul Ball, location: 2F 0-1: Swinging Strike 0-2: Strikes out swinging
|
Bottom of the 3rd over - 4 runs, 3 hits, 0 errors, 1 left on base; Tri-City 1 - Minnesota (NYP) 4 |
TOP OF THE 4TH |
Tri-City ValleyCats batting - Pitching for Minnesota (NYP) Twins : LHP Josh Armstrong
|
Batting: RHB Sam Spohn
|
0-0: Fly out, F8 (Flyball, 8RXD, EV 96.9 MPH)
|
Batting: RHB Jordan Williams
|
0-0: Called Strike 0-1: Called Strike 0-2: Ball 1-2: Ball 2-2: Ball 3-2: Foul Ball, location: 2F 3-2: Foul Ball, location: 2F 3-2: Base on Balls
|
Batting: RHB Ryan Salas
|
0-0: Swinging Strike 0-1: Ball 1-1: Ball 2-1: Foul Ball, location: 2F 2-2: Ball 3-2: Foul Ball, location: 2F 3-2: Strikes out looking
|
Batting: RHB Masaru Konno
|
0-0: Ball 1-0: Swinging Strike 1-1: Fielders Choice at 2nd, 6-4 (Groundball, 6, EV 106.9 MPH)
|
Top of the 4th over - 0 runs, 0 hits, 0 errors, 1 left on base; Tri-City 1 - Minnesota (NYP) 4 |
BOTTOM OF THE 4TH |
Minnesota (NYP) Twins batting - Pitching for Tri-City ValleyCats : RHP Nick Schweer
|
Batting: RHB Tony Crespo
|
0-0: Ball 1-0: Foul Ball, location: 2F 1-1: Called Strike 1-2: Foul Ball, location: 2F 1-2: Foul Ball, location: 2F 1-2: Foul Ball, location: 2F 1-2: Fly out, F7 (Line Drive, 7D, EV 90.0 MPH)
|
Batting: RHB Willie Jimenez
|
0-0: SINGLE (Groundball, 56D, EV 107.5 MPH)
|
Batting: SHB Donell Burney
|
0-0: Called Strike 0-1: Fly out, F8 (Line Drive, 8LD, EV 98.8 MPH)
|
Batting: LHB Seung-jun Chang
|
0-0: Ball 1-0: Ball 2-0: Ground out 4-3 (Groundball, 4, EV 101.9 MPH)
|
Bottom of the 4th over - 0 runs, 1 hit, 0 errors, 1 left on base; Tri-City 1 - Minnesota (NYP) 4 |
TOP OF THE 5TH |
Tri-City ValleyCats batting - Pitching for Minnesota (NYP) Twins : LHP Josh Armstrong
|
Batting: LHB Josh Birkner
|
0-0: Foul Ball, location: 2F 0-1: Ball 1-1: Ball 2-1: Ground out 6-3 (Groundball, 4, EV 101.9 MPH)
|
Batting: RHB To-wai Chen
|
0-0: Swinging Strike 0-1: Called Strike 0-2: Ball 1-2: Ground out 3-1 (Groundball, 34S, EV 83.1 MPH)
|
Batting: LHB Josiah Leath
|
0-0: Ground out U3 (Groundball, 34, EV 81.2 MPH)
|
Top of the 5th over - 0 runs, 0 hits, 0 errors, 0 left on base; Tri-City 1 - Minnesota (NYP) 4 |
BOTTOM OF THE 5TH |
Minnesota (NYP) Twins batting - Pitching for Tri-City ValleyCats : RHP Nick Schweer
|
Batting: RHB Sean Gould
|
0-0: Ball 1-0: Ball 2-0: Ball 3-0: Called Strike 3-1: Foul Ball, location: 2F 3-2: Base on Balls
|
Batting: SHB Ian Thompson
|
0-0: Swinging Strike 0-1: Ball 1-1: Foul Ball, location: 2F 1-2: Strikes out swinging
|
Batting: RHB Graham Calvert
|
0-0: Foul Ball, location: 2F 0-1: Ball 1-1: Called Strike 1-2: Strikes out looking
|
Batting: RHB Michael McDonald
|
0-0: Ball 1-0: Ball 2-0: Ball 3-0: Base on Balls Sean Gould to second
|
Batting: RHB David Nardone
|
0-0: Swinging Strike 0-1: Ball 1-1: Ball 2-1: Swinging Strike 2-2: Ball 3-2: Foul Ball, location: 2F 3-2: Base on Balls Sean Gould to third Michael McDonald to second
|
Batting: RHB Tony Crespo
|
0-0: Called Strike 0-1: Called Strike 0-2: SINGLE (Groundball, 6D, EV 97.5 MPH) Sean Gould scores Michael McDonald to third David Nardone to second Runner from 3rd tries for Home, SAFE, throw by CF to home David Nardone to third Tony Crespo to second
|
Pitching: LHP Andy Ras
|
|
Batting: RHB Willie Jimenez
|
0-0: Foul Ball, location: 2F 0-1: Foul Ball, location: 2F 0-2: Ball 1-2: Ball 2-2: Ball 3-2: Ground out 5-3 (Groundball, 5, EV 96.9 MPH)
|
Bottom of the 5th over - 2 runs, 1 hit, 0 errors, 2 left on base; Tri-City 1 - Minnesota (NYP) 6 |
TOP OF THE 6TH |
Tri-City ValleyCats batting - Pitching for Minnesota (NYP) Twins : LHP Josh Armstrong
|
Batting: RHB Gavin Jones
|
0-0: Called Strike 0-1: Ball 1-1: Called Strike 1-2: Ground out 5-3 (Groundball, 5S, EV 68.1 MPH)
|
Pitching: LHP Mike Horton
|
|
Batting: RHB Chris McGrath
|
0-0: Ground out 5-3 (Groundball, 56, EV 88.8 MPH)
|
Batting: RHB Sam Spohn
|
0-0: Ground out 5-3 (Groundball, 56, EV 101.9 MPH)
|
Top of the 6th over - 0 runs, 0 hits, 0 errors, 0 left on base; Tri-City 1 - Minnesota (NYP) 6 |
BOTTOM OF THE 6TH |
Minnesota (NYP) Twins batting - Pitching for Tri-City ValleyCats : LHP Andy Ras
|
Batting: SHB Donell Burney
|
0-0: Ground out 5-3 (Groundball, 56, EV 105.6 MPH)
|
Batting: LHB Seung-jun Chang
|
0-0: Called Strike 0-1: Ball 1-1: Foul Ball, location: 2F 1-2: Ball 2-2: Ball 3-2: Ground out 1-3 (Groundball, 15S, EV 72.5 MPH)
|
Batting: RHB Sean Gould
|
0-0: Ball 1-0: Ground out 6-3 (Groundball, 6, EV 85.0 MPH)
|
Bottom of the 6th over - 0 runs, 0 hits, 0 errors, 0 left on base; Tri-City 1 - Minnesota (NYP) 6 |
TOP OF THE 7TH |
Tri-City ValleyCats batting - Pitching for Minnesota (NYP) Twins : LHP Mike Horton
|
Batting: RHB Jordan Williams
|
0-0: Ball 1-0: Ball 2-0: Called Strike 2-1: Foul Ball, location: 2F 2-2: Ball 3-2: Base on Balls
|
Batting: RHB Ryan Salas
|
0-0: Foul Ball, location: 2F 0-1: Ball 1-1: Foul Ball, location: 2F 1-2: Strikes out swinging
|
Batting: RHB Masaru Konno
|
0-0: Ball 1-0: Ball Wild Pitch! Jordan Williams to second 2-0: Foul Ball, location: 2F 2-1: Fly out, F9 (Flyball, 9S, EV 88.8 MPH)
|
Batting: LHB Josh Birkner
|
0-0: Called Strike 0-1: Ball 1-1: Foul Ball, location: 2F 1-2: Strikes out swinging
|
Top of the 7th over - 0 runs, 0 hits, 0 errors, 1 left on base; Tri-City 1 - Minnesota (NYP) 6 |
BOTTOM OF THE 7TH |
Minnesota (NYP) Twins batting - Pitching for Tri-City ValleyCats : LHP Andy Ras
|
Batting: SHB Ian Thompson
|
0-0: Ball 1-0: Called Strike 1-1: Ball 2-1: Ground out 5-3 (Groundball, 56S, EV 88.8 MPH)
|
Batting: RHB Graham Calvert
|
0-0: Ball 1-0: Foul Ball, location: 2F 1-1: Called Strike 1-2: Ball 2-2: Strikes out looking
|
Batting: RHB Michael McDonald
|
0-0: Foul Ball, location: 2F 0-1: Ball 1-1: Called Strike 1-2: SINGLE (Groundball, 4D, EV 96.9 MPH)
|
Batting: RHB David Nardone
|
0-0: Ball 1-0: Ball 2-0: Ball 3-0: Base on Balls Michael McDonald to second
|
Batting: RHB Tony Crespo
|
0-0: Ball 1-0: Ball 2-0: Called Strike 2-1: Foul Ball, location: 2F 2-2: Ball 3-2: Strikes out looking
|
Bottom of the 7th over - 0 runs, 1 hit, 0 errors, 2 left on base; Tri-City 1 - Minnesota (NYP) 6 |
TOP OF THE 8TH |
Tri-City ValleyCats batting - Pitching for Minnesota (NYP) Twins : LHP Mike Horton
|
Batting: RHB To-wai Chen
|
0-0: Ball 1-0: Ball 2-0: Called Strike 2-1: Ball 3-1: Swinging Strike 3-2: DOUBLE (Flyball, 8LD, EV 101.2 MPH)
|
Pinch Hitting: RHB Workneh Lagat
|
0-0: Called Strike 0-1: SINGLE (Line Drive, 6MD, EV 96.9 MPH) To-wai Chen to third
|
Batting: RHB Gavin Jones
|
0-0: Ball 1-0: Ball 2-0: Ball 3-0: Base on Balls Workneh Lagat to second
|
Batting: RHB Chris McGrath
|
0-0: Called Strike 0-1: TRIPLE (Groundball, 3L, EV 103.8 MPH) To-wai Chen scores Workneh Lagat scores Gavin Jones scores
|
Pitching: RHP Greg Ritchie
|
|
Batting: RHB Sam Spohn
|
0-0: Called Strike 0-1: Ground out 6-3 (Groundball, 6, EV 98.8 MPH) Chris McGrath scores
|
Batting: RHB Jordan Williams
|
0-0: SINGLE (Flyball, 4MD, EV 91.9 MPH)
|
Batting: RHB Ryan Salas
|
0-0: Ball 1-0: Called Strike 1-1: Ball 2-1: Fly out, F9 (Flyball, 9, EV 78.1 MPH)
|
Batting: RHB Masaru Konno
|
0-0: Swinging Strike 0-1: Swinging Strike 0-2: Ball 1-2: Ground out 4-3 (Groundball, 34, EV 88.1 MPH)
|
Top of the 8th over - 4 runs, 4 hits, 0 errors, 1 left on base; Tri-City 5 - Minnesota (NYP) 6 |
BOTTOM OF THE 8TH |
Minnesota (NYP) Twins batting - Pitching for Tri-City ValleyCats : LHP Andy Ras
|
Pitching: LHP Ryan Groom
|
|
Now at 2B: Workneh Lagat
|
|
Now at SS: Masaru Konno
|
|
Batting: RHB Willie Jimenez
|
0-0: Called Strike 0-1: Foul Ball, location: 2F 0-2: Ball 1-2: Ball 2-2: Foul Ball, location: 2F 2-2: Ball 3-2: Base on Balls
|
Batting: SHB Donell Burney
|
0-0: Called Strike 0-1: Foul Ball, location: 2F 0-2: Fielders Choice at 2nd, 5-4 (Groundball, 56, EV 85.0 MPH)
|
Batting: LHB Seung-jun Chang
|
0-0: Ball 1-0: Ball 2-0: Foul Ball, location: 2F 2-1: Ball 3-1: 2-RUN HOME RUN (Flyball, 7LD, EV 99.4 MPH), Distance : 365 ft
|
Batting: RHB Sean Gould
|
0-0: Ball 1-0: Ball 2-0: Ball 3-0: Base on Balls
|
Batting: SHB Ian Thompson
|
0-0: Ball 1-0: Foul Ball, location: 2F 1-1: Swinging Strike 1-2: Ball 2-2: Foul Ball, location: 2F 2-2: Ball 3-2: Base on Balls Sean Gould to second
|
Pitching: LHP Brian Ayala
|
|
Batting: RHB Graham Calvert
|
0-0: Swinging Strike 0-1: Hit by Pitch Sean Gould to third Ian Thompson to second
|
Batting: RHB Michael McDonald
|
0-0: Ball 1-0: Foul Ball, location: 2F 1-1: Foul Ball, location: 2F 1-2: Strikes out looking
|
Batting: RHB David Nardone
|
0-0: SINGLE (Groundball, 6M, EV 106.9 MPH) Sean Gould scores Ian Thompson to third Graham Calvert to second Runner from 3rd tries for Home, SAFE, throw by CF to home
|
Batting: RHB Tony Crespo
|
0-0: TRIPLE (Line Drive, 9LD, EV 105.0 MPH) Graham Calvert scores David Nardone scores
|
Batting: RHB Willie Jimenez
|
0-0: Ball 1-0: Fly out, F9 (Flyball, 9S, EV 96.2 MPH)
|
Bottom of the 8th over - 6 runs, 3 hits, 0 errors, 1 left on base; Tri-City 5 - Minnesota (NYP) 12 |
TOP OF THE 9TH |
Tri-City ValleyCats batting - Pitching for Minnesota (NYP) Twins : RHP Greg Ritchie
|
Batting: LHB Josh Birkner
|
0-0: Called Strike 0-1: Ball 1-1: Called Strike 1-2: DOUBLE (Line Drive, 7LS, EV 95.0 MPH)
|
Batting: RHB To-wai Chen
|
0-0: Called Strike 0-1: Ball Wild Pitch! Josh Birkner to third 1-1: Ball 2-1: Foul Ball, location: 2F 2-2: Strikes out looking
|
Pinch Hitting: LHB Bob Dietz
|
0-0: SINGLE (Groundball, 6D, EV 105.6 MPH) Josh Birkner scores
|
Batting: RHB Gavin Jones
|
0-0: Ball 1-0: SINGLE (Line Drive, 6M, EV 95.6 MPH) Bob Dietz to second
|
Batting: RHB Chris McGrath
|
0-0: Foul Ball, location: 2F 0-1: Foul Ball, location: 2F 0-2: Ball 1-2: Fielders Choice at 2nd, 1-4 (Groundball, 25, EV 75.6 MPH) Bob Dietz to third
|
Batting: RHB Sam Spohn
|
0-0: Foul Ball, location: 2F 0-1: Swinging Strike 0-2: Strikes out swinging
|
Top of the 9th over - 1 run, 3 hits, 0 errors, 2 left on base; Tri-City 6 - Minnesota (NYP) 12 |
|